 Dungeon Crawl Stone Soup version 0.16.1-4-g8e1b745 (webtiles) character file.

3552 Zugr the Lightning Rod (level 10, -3/71 HPs)
             Began as a Formicid Fighter on Mar 27, 2015.
             Was a Follower of Qazlal.
             Slain by an orc warrior
             ... wielding a +0 battleaxe
              (10 damage)
             ... on level 9 of the Dungeon.
             The game lasted 00:23:52 (8760 turns).

Zugr the Lightning Rod (Formicid Fighter)           Turns: 8760, Time: 00:23:52

Health: -3/71      AC: 14    Str: 23    XL:     10   Next: 30%
Magic:  25/25      EV:  8    Int:  9    God:    Qazlal [*.....]
Gold:   538        SH: 11    Dex: 10    Spells: 0 memorised, 9 levels left

rFire  . . .     SeeInvis +     a - +0 war axe
rCold  . . .     Clarity  .     b - +0 scale mail
rNeg   . . .     SustAb   .     c - +0 shield
rPois  .         Gourm    .     (helmet unavailable)
rElec  .         Spirit   .     q - +0 cloak
rCorr  +         Warding  .     B - +0 pair of gloves
rMut   .         Stasis   +     p - +0 pair of boots
MR     ++...                    H - amulet of resist corrosion
Stlth  ..........               J - ring of protection from magic
                                f - +4 ring of protection

@: very resistant to hostile enchantments, extremely unstealthy
A: permanent stasis, dig shafts and tunnels, four strong arms, antennae 3
a: Dig, Shaft Self, Renounce Religion


You were on level 9 of the Dungeon.
You worshipped Qazlal.
Qazlal was aware of your devotion.
You were hungry.

You visited 2 branches of the dungeon, and saw 10 of its levels.

You collected 538 gold pieces.

Inventory:

Hand weapons
 a - a +0 war axe (weapon)
Armour
 b - a +0 scale mail (worn)
 c - a +0 shield (worn)
 p - a +0 pair of boots (worn)
 q - a +0 cloak (worn)
 B - a +0 pair of gloves (worn)
Rods
 v - a +0 rod of inaccuracy (14/14)
   (You found it on level 4 of the Dungeon)
Jewellery
 f - a +4 ring of protection (left hand)
 H - an amulet of resist corrosion (around neck)
 J - a ring of protection from magic (right hand)
Magical devices
 w - a wand of magic darts (23)
 C - a wand of flame (27)
 G - a wand of paralysis (9)
 K - a wand of polymorph (2)
Scrolls
 h - a scroll of enchant weapon {unknown}
 j - 2 scrolls of immolation {unknown}
 k - 4 scrolls of amnesia {unknown}
 l - 2 scrolls of recharging {unknown}
 m - 3 scrolls of identify
 s - 3 scrolls of remove curse {unknown}
 u - a scroll of noise {unknown}
 x - a scroll of magic mapping {unknown}
 y - a scroll of random uselessness {unknown}
 D - a scroll of fear {unknown}
 E - a scroll of brand weapon {unknown}
 I - a scroll of teleportation {unknown}
Potions
 d - 2 potions of poison {unknown}
 i - 4 potions of curing
 o - 2 potions of brilliance {unknown}
 r - a potion of magic {unknown}
 t - a potion of flight {unknown}
 A - a potion of invisibility {unknown}
 F - 2 potions of haste {unknown}
Books
 e - a book of Maledictions

   Spells                             Type                      Level
   a - Corona                         Hexes                        1
   b - Sure Blade                     Hexes/Charms                 2
   c - Ensorcelled Hibernation        Hexes/Ice                    2
   d - Confuse                        Hexes                        3
   e - Dazzling Spray                 Conjuration/Hexes            3
   f - Enslavement                    Hexes                        4
 n - a book of Hinderance

   Spells                             Type                      Level
   a - Confusing Touch                Hexes                        2
   b - Confuse                        Hexes                        3
   c - Petrify                        Transmutation/Earth          4
   d - Metabolic Englaciation         Hexes/Ice                    5
   e - Gell's Gravitas                Hexes/Translocation          5
   f - Summon Mana Viper              Hexes/Summoning              5
Comestibles
 g - 3 meat rations
 z - a royal jelly


   Skills:
 + Level 4.1 Fighting
 + Level 10.2 Axes
 + Level 4.1 Armour
 - Level 1.0 Dodging
 + Level 4.3 Shields
 * Level 10.6 Invocations


You had 9 spell levels left.
You didn't know any spells.

Dungeon Overview and Level Annotations

Branches:
Dungeon (9/15)             Temple (1/1) D:6            Lair (0/8) D:9
    Orc: D:9-12

Altars:
Cheibriados
Dithmenos
Elyvilon
Fedhas
Gozag
Kikubaaqudgha
Makhleb
Nemelex Xobeh
Okawaru
Qazlal
Ru
Sif Muna
Trog
Vehumet
Xom
Yredelemnul
Zin
The Shining One

Shops:
D:2 *   D:7 !:   D:8 !

Annotations:
D:2 1 runed door


Innate Abilities, Weirdness & Mutations

You are under a permanent stasis effect.
You can dig through walls and to a lower floor.
Your four strong arms can wield two-handed weapons with a shield.
You have a pair of large antennae on your head (SInv).


Message History

* * * LOW HITPOINT WARNING * * *
You continue eating.
The orc warrior throws a tomahawk.
The tomahawk hits you but does no damage.
Drink which item? (? for menu, Esc to quit)
You feel better.
The orc warrior throws a tomahawk.
You block the tomahawk.
The orc warrior throws a tomahawk.
The tomahawk barely misses you.
You see here a tomahawk.
The orc warrior throws a tomahawk.
The tomahawk hits you.
* * * LOW HITPOINT WARNING * * *
You see here a tomahawk.
You start resting.
The orc warrior throws a tomahawk.
The tomahawk barely misses you. You block the orc warrior's attack.
You are too injured to fight recklessly!
You are too injured to fight recklessly!
You are too injured to fight recklessly!
You completely miss the orc warrior.
The orc warrior hits you with a battleaxe!
You die... # ##### o## PPPPP##

... . PPPP..###
######.##.# P...PPP#.#
#.......... P.>.PPP(.#
#..o........ #P...PP...#
###..(.......#
#PPPP....@###.{..........#
#PPPP..P§.o.(.#..........
#PPPP.....######.########
#PPPP...#.# #...####
#PP.....### ###....#
##P....## ####.# ##...##
#+# ###+..#####
#.........#


You could see an orc warrior.

Vanquished Creatures
  Pikel (D:5)
  The ghost of puimuR the Cleaver, an experienced MiSk (D:8)
  A komodo dragon (D:9)
  Grinder (D:6)
  A two-headed ogre (D:7)
  A phantom (D:8)
  A slave (D:5)
  A necrophage (D:7)
  A sky beast (D:7)
  3 ogres
  A centaur (D:7)
  A wyvern zombie (D:8)
  5 giant frogs
  3 scorpions
  2 centaur zombies (D:8)
  A hound (D:6)
  A giant frog skeleton (D:7)
  A jelly (D:8)
  3 crimson imps
  2 orc wizards (D:5)
  An orc priest (D:5)
  A centaur skeleton (D:6)
  4 iguanas
  7 worker ants
  A human skeleton (D:2)
  A hound zombie (D:8)
  A worker ant zombie (D:8)
  4 gnolls (D:2)
  6 adders
  2 giant mites
  3 shadow imps
  2 worms
  2 oozes
  3 giant geckos
  28 orcs
  2 ball pythons
  A bat skeleton (D:4)
  6 giant cockroaches
  9 hobgoblins
  2 jackals (D:7)
  6 kobolds
  3 quokkas
  7 bats
  2 giant cockroach zombies (D:5)
  2 giant newts
  16 goblins
  16 rats
  3 ballistomycetes
  3 butterflies (D:8)
176 creatures vanquished.

Vanquished Creatures (others)
  2 giant spores
  A plant (D:9)
3 creatures vanquished.

Grand Total: 179 creatures vanquished

Notes
Turn   | Place    | Note
--------------------------------------------------------------
     0 | D:1      | Zugr, the Formicid Fighter, began the quest for the Orb.
     0 | D:1      | Reached XP level 1. HP: 18/18 MP: 1/1
   127 | D:1      | Reached XP level 2. HP: 24/24 MP: 3/3
   653 | D:1      | Reached XP level 3. HP: 29/29 MP: 4/4
   958 | D:2      | Found a burning altar of Makhleb.
   989 | D:2      | Found Zin's Purification Station.
   989 | D:2      | Found a glowing silver altar of Zin.
  1001 | D:2      | Reached skill level 1 in Dodging
  1082 | D:2      | Found an ancient bone altar of Kikubaaqudgha.
  1201 | D:2      | Reached XP level 4. HP: 35/35 MP: 5/5
  1203 | D:2      | Reached skill level 4 in Axes
  1364 | D:2      | Found a runed door.
  1364 | D:2      | Noticed a human
  1369 | D:2      | Found a basalt altar of Yredelemnul.
  1378 | D:2      | Reached XP level 5. HP: 16/41 MP: 7/7
  1800 | D:3      | Reached skill level 5 in Axes
  2115 | D:3      | Found a glowing golden altar of the Shining One.
  2147 | D:3      | Found a shadowy altar of Dithmenos.
  2360 | D:4      | Found a snail-covered altar of Cheibriados.
  2361 | D:4      | Noticed an ogre
  2370 | D:4      | Killed an ogre
  2370 | D:4      | Reached skill level 6 in Axes
  2370 | D:4      | Reached XP level 6. HP: 18/47 MP: 8/8
  2841 | D:4      | Reached XP level 7. HP: 23/52 MP: 9/9
  3059 | D:4      | Reached skill level 7 in Axes
  3317 | D:5      | Entered Level 5 of the Dungeon
  3518 | D:5      | Noticed Pikel
  3795 | D:6      | Noticed Grinder
  3822 | D:6      | HP: 2/52 [Grinder/nerve-wracking pain (14)]
  3827 | D:6      | Found a staircase to the Ecumenical Temple.
  3832 | D:6      | Killed Grinder
  3832 | D:6      | Reached skill level 8 in Axes
  3852 | Temple   | Entered the Ecumenical Temple
  4057 | Temple   | Became a worshipper of Qazlal Stormbringer
  4419 | D:5      | Reached skill level 1 in Invocations
  4419 | D:5      | Reached XP level 8. HP: 51/58 MP: 10/12
  4608 | D:5      | Killed Pikel
  4608 | D:5      | Reached skill level 5 in Invocations
  5029 | D:5      | Acquired Qazlal's first power
  6001 | D:6      | Reached skill level 9 in Axes
  6001 | D:6      | Reached XP level 9. HP: 62/64 MP: 20/20
  7090 | D:7      | Found Xeablets' Distillery.
  7147 | D:7      | Found Uprimob's Book Shop.
  7519 | D:8      | Found a stormy altar of Qazlal.
  7546 | D:8      | Noticed puimuR's ghost (experienced MiSk)
  7577 | D:8      | Killed puimuR's ghost
  7577 | D:8      | Reached skill level 10 in Axes
  7577 | D:8      | Reached XP level 10. HP: 29/70 MP: 25/25
  7792 | D:8      | Found a snail-covered altar of Cheibriados.
  7805 | D:8      | Reached skill level 10 in Invocations
  8331 | D:8      | Acquired Qazlal's second power
  8617 | D:8      | Found Ciage's Distillery.
  8694 | D:9      | Found a staircase to the Lair.
  8741 | D:9      | HP: 2/71 [orc warrior/tomahawk (11)]
  8760 | D:9      | Slain by an orc warrior

Action                   |  1- 3 |  4- 6 |  7- 9 | 10-12 || total
-------------------------+-------+-------+-------+-------++-------
Melee: War axe           |   100 |   133 |   352 |   129 ||   714
  Use: Scroll            |       |     2 |       |       ||     2
       Potion            |       |       |     4 |     1 ||     5
  Eat: Chunk             |     1 |     1 |    10 |     3 ||    15
       Bread ration      |       |     1 |     1 |       ||     2
       Beef jerky        |       |       |     1 |       ||     1
